 Dungeon Crawl Stone Soup version 0.29-a0-275-g389c0b56f3 (webtiles) character file.

Game seed: 10929855526868001054

245 spaghetti the Cudgeller (level 6, 0/56 HPs)
             Began as a Naga Chaos Knight on Mar 10, 2022.
             Was a Plaything of Xom.
             Slain by a gnoll
             ... wielding a +0 spear
              (2 damage)
             ... on level 4 of the Dungeon.
             The game lasted 00:04:21 (2321 turns).

spaghetti the Cudgeller (Naga Chaos Knight)         Turns: 2321, Time: 00:04:22

Health: 0/56       AC:  8    Str: 16    XL:     6   Next: 10%
Magic:  8/10       EV:  9    Int: 13    God:    Xom [*.....]
Gold:   29         SH:  9    Dex: 10    Spells: 8/10 levels left

rFire   . . .      SeeInvis +   a - +1 mace (chaos) {mace}
rCold   . . .      Faith    .   (no shield)
rNeg    . . .      Spirit   .   b - +2 leather armour
rPois   +          Reflect  +   (no helmet)
rElec   .          Harm     .   (no cloak)
rCorr   .          Rampage  .   m - +0 pair of gloves
Will    .....                   (no barding)
Stlth   +.........              o - amulet of reflection
HPRegen 0.18/turn               (no ring)
MPRegen 0.12/turn               (no ring)

@: lethally poisoned (0 -> -11), on berserk cooldown, slowed, very slow
A: AC +2, large, see invisible, deformed body, poison resistance, slowness 2,
spit poison 1, naga tail 1, iridescent scales 1, large bone plates 1
a: Spit Poison, Renounce Religion


You were on level 4 of the Dungeon.
You worshipped Xom.
You were a special plaything of Xom.
You visited 1 branch of the dungeon, and saw 4 of its levels.

You collected 133 gold pieces.
You spent 104 gold pieces at shops.


Innate Abilities, Weirdness & Mutations

Your serpentine skin is tough. (AC +2)
You have supernaturally acute eyesight. (SInv)
Armour fits poorly on your strangely shaped body.
Your system is resistant to poisons. (rPois)
You cover ground very slowly.
You can spit poison.
You have a snake-like lower body.
You are partially covered in iridescent scales. (AC +2)
You are partially covered in large bone plates. (SH +4)


   Skills:
 - Level 3.0 Fighting
 - Level 5.0 Maces & Flails
 - Level 1.5 Armour
 - Level 0.7 Dodging
 + Level 2.6 Spellcasting
 + Level 2.5 Air Magic


You had 8 spell levels left.
You knew the following spells:

 Your Spells              Type           Power      Damage    Failure   Level
a - Corpse Rot            Necr/Air       10%        N/A       26%         2

Your spell library contained the following spells:

 Spells                   Type           Power      Damage    Failure   Level
 Blink                    Tloc           2%         N/A       41%         2
 Dispel Undead            Necr           1%         3d6       96%         4
 Manifold Assault         Tloc           1%         N/A       100%        5
 Death Channel            Necr           0%         N/A       100%        6
 Storm Form               Tmut/Air       2%         N/A       100%        7

Inventory:

Hand Weapons
 a - a +1 mace of chaos (weapon) {mace}
Missiles
 d - 5 poisoned darts {throwing}
 f - 35 stones {throwing}
Armour
 b - a +2 leather armour (worn)
 m - a +0 pair of gloves (worn)
   (You found it on level 3 of the Dungeon)
Jewellery
 h - an amulet of guardian spirit
   (You found it on level 1 of the Dungeon)
 o - an amulet of reflection (around neck)
   (You found it on level 3 of the Dungeon)
Scrolls
 i - a scroll of identify {@r1}
 k - a scroll of silence {!r}
 l - a scroll of enchant weapon
Potions
 e - 3 potions of berserk rage {!q}
 g - 2 potions of curing {@q1}
 j - a potion of brilliance {unknown}
 n - a potion of attraction {unknown}
Miscellaneous
 c - a piece from Xom's chessboard (5/15) (quivered)

Dungeon Overview and Level Annotations

Branches:
Dungeon (4/15)
 Temple: D:4-7

Altars:
Yredelemnul
Zin
The Shining One

Shops:
D:3 !

Annotations:
D:2 Sigmund
D:4 Dowan

g# #.
e## #..
)S####
#..#
.)...##
#.$#
......##
#...###
...>...#
#....##
..###...
#....#
..# ..
#.J.#
).# .
#)@##
)<# #Kg#
..# .
#g.#
..##...#
..##
<.....#
#..
....###
..#
...##
..# ...#
#.# ..##


You could see a gnoll shaman, a gnoll, an endoplasm and a kobold.


Message History

Okay, then.
It was a potion of berserk rage.
A red film seems to cover your vision as you go berserk!
You feel yourself moving faster!
You feel mighty!
Xom roars with laughter! "Where it stops, nobody knows!"
Your surroundings suddenly seem different.
A kobold, an endoplasm, a gnoll shaman and 3 gnolls come into view.
The kobold is wielding a +1 whip of venom. 😮 HP[+18]
You now have 84 max hp (+28).
You regained 18 hp, and now have 55/84 hp.
You feel a strong urge to attack something.
The kobold shouts!
The endoplasm quivers.
The gnoll shouts!
The gnoll hits you with a +0 flail! You block the gnoll's attack. 😮 HP[-8]
You take 8 damage, and now have 47/84 hp.
You sock the gnoll! The gnoll hits you but does no damage.
The gnoll shaman calls upon its god to heal the gnoll.
The gnoll is healed somewhat.
You sock the gnoll!
The gnoll is poisoned.
You sock the gnoll!
You feel better.
You kill the gnoll!
The gnoll hits you with a +0 flail.
The gnoll shaman invokes the aid of its god against you.
You easily resist.
The endoplasm freezes you.
You are frozen.
* * * LOW HITPOINT WARNING * * *
😨 HP[-6]
You take 6 damage, and now have 41/84 hp.
You thump the gnoll!
You kill the gnoll!
The gnoll hits you from afar with a +0 spear.
* * * LOW HITPOINT WARNING * * *
You block the endoplasm's attack. 😨 HP[-3]
You take 3 damage, and now have 38/84 hp.
You hit the gnoll shaman. You burn the gnoll shaman.
You barely miss the gnoll shaman. The gnoll barely misses you.
You block the endoplasm's attack.
The gnoll shaman hits you with a +0 club.
* * * LOW HITPOINT WARNING * * *
You hit the gnoll shaman but do no damage.
You block the gnoll's attack. You block the gnoll shaman's attack.
The endoplasm freezes you.
You are frozen.
* * * LOW HITPOINT WARNING * * *
😨 HP[-5]
You take 5 damage, and now have 33/84 hp.
You hit the gnoll shaman but do no damage.
The gnoll hits you from afar with a +0 spear.
* * * LOW HITPOINT WARNING * * *
You block the endoplasm's attack. The kobold barely misses you.
The gnoll shaman completely misses you. 😨 HP[-2] MP[+1]
You take 2 damage, and now have 31/84 hp.
You hit the gnoll shaman. You burn the gnoll shaman.
You barely miss the gnoll shaman.
You are no longer berserk.
You are exhausted.
You feel yourself slow down.
The gnoll hits you from afar with a +0 spear.
* * * LOW HITPOINT WARNING * * *
The gnoll shaman barely misses you. The kobold completely misses you.
The endoplasm barely misses you. 😨 HP[-15]
You now have 56 max hp (-28).
Okay, then.
As you read the scroll labelled PIMUOM WUNEWN, it crumbles to dust.
It is a scroll of enchant weapon.
Your +0 mace of chaos {mace} glows red for a moment.
The gnoll hits you but does no damage. You block the gnoll shaman's attack.
You block the endoplasm's attack. The kobold hits you but does no damage.
You are poisoned.
The gnoll shaman barely misses you. The gnoll hits you but does no damage.
The endoplasm freezes you.
You are frozen.
* * * LOW HITPOINT WARNING * * *
The kobold barely misses you. 😱 HP[-4]
You take 4 damage, and now have 12/56 hp.
Okay, then.
Okay, then.
You barely miss the gnoll shaman.
You feel sick.
The gnoll hits you from afar with a +0 spear.
* * * LOW HITPOINT WARNING * * *
You block the gnoll shaman's attack. The endoplasm freezes you.
You are frozen.
* * * LOW HITPOINT WARNING * * *
The kobold hits you with a +1 whip of venom.
* * * LOW HITPOINT WARNING * * *
You are more poisoned.
The gnoll shaman completely misses you. The kobold barely misses you.
The gnoll hits you from afar with a +0 spear.
You die...
Xom howls with laughter!

Skill      XL: |  1  2  3  4  5 |
---------------+----------------+-----
Maces & Flails | 4 5 |  5.0
Spellcasting   | 1 2 |  2.6
Air Magic      | 1 2 |  2.5
Fighting       | |  3.0
Armour         | |  1.5
Dodging        | |  0.7

Action                   |  1- 3 |  4- 6 || total
-------------------------+-------+-------++-------
Melee: Mace              |    82 |    61 ||   143
       Punch             |       |     1 ||     1
 Abil: Spit Poison       |     1 |       ||     1
Evoke: Piece from Xom's  |    17 |     2 ||    19
  Use: Scroll            |     1 |     1 ||     2
       Potion            |       |     2 ||     2
 Stab: Paralysed         |     2 |       ||     2
       Sleeping          |     1 |       ||     1
       Petrified         |       |     1 ||     1
Armor: Leather armour    |    39 |    25 ||    64
Dodge: Dodged            |    50 |    35 ||    85
Block: Other             |     6 |    25 ||    31

Levels and vault maps discovered:
D:1:      lightli_arrival_chessboard, layout_basic
D:2:      layout_basic, dreamdust_ecumenical_altar_hidden_monk_grotto,
          basic_altar, serial_shops, shop_statue, uniq_sigmund
D:3:      layout_loops_ring, grunt_temple_overflow_holy_war, serial_shops, shop,
          skrybe_limestone_x, grunt_decor_arrowhead, minmay_strange_pillars,
          grunt_ministairs_2
D:4:      layout_layer_cave, kennysheep_little_box,
          beargit_hepliaklqana_dungeon_heroes, uniq_duvessa

Notes
Turn   | Place    | Note
-------+----------+-------------------------------------------
     0 | D:1      | spaghetti the Naga Chaos Knight began the quest for the
                  | Orb.
     0 | D:1      | Reached XP level 1. HP: 21/21 MP: 1/1
     0 | D:1      | magus.rc [v1.9.6]
   315 | D:1      | Reached XP level 2. HP: 27/28 MP: 2/2
   338 | D:1      | You pick up a book of Decay and begin reading...
   338 | D:1      | You add the spells Corpse Rot, Dispel Undead and Death
                  | Channel to your library.
   485 | D:2      | XOM: silly message
   575 | D:2      | Found a glowing silver altar of Zin.
   593 | D:2      | XOM: cast spell 'Summon Ice Beast'
   596 | D:2      | Reached skill level 4 in Maces & Flails
   634 | D:2      | Reached XP level 3. HP: 12/34 MP: 1/3
  1005 | D:2      | Noticed Sigmund
  1010 | D:2      | XOM: butterfly on damage
  1015 | D:2      | XOM: 3-stop teleportation journey
  1061 | D:3      | XOM: give mutations
  1061 | D:3      | Gained mutation: You are partially covered in large bone
                  | plates. (SH +4) [Xom's mischief]
  1061 | D:3      | Gained mutation: You are partially covered in iridescent
                  | scales. (AC +2) [Xom's mischief]
  1223 | D:3      | Found a basalt altar of Yredelemnul.
  1225 | D:3      | Noticed a profane servitor
  1347 | D:3      | XOM: 1-stop teleportation journey
  1359 | D:3      | Found a glowing golden altar of the Shining One.
  1389 | D:3      | You add the spells Blink, Manifold Assault and Storm Form
                  | to your library.
  1617 | D:3      | Reached XP level 4. HP: 40/42 MP: 2/4
  1848 | D:3      | Reached skill level 5 in Maces & Flails
  1848 | D:3      | Reached skill level 1 in Spellcasting
  1851 | D:3      | Learned a level 2 spell: Corpse Rot
  2032 | D:3      | Found Vesoneot's Distillery.
  2040 | D:3      | Bought a potion of heal wounds for 65 gold pieces
  2040 | D:3      | Bought a potion of curing for 39 gold pieces
  2201 | D:3      | Noticed an angel
  2245 | D:4      | Reached skill level 1 in Air Magic
  2245 | D:4      | Reached XP level 5. HP: 33/49 MP: 5/7
  2289 | D:4      | XOM: draining
  2290 | D:4      | Noticed Dowan
  2293 | D:4      | Noticed Duvessa
  2300 | D:4      | XOM: blink monster(s)
  2306 | D:4      | Killed Duvessa
  2307 | D:4      | Reached skill level 2 in Spellcasting
  2307 | D:4      | Reached skill level 2 in Air Magic
  2307 | D:4      | Reached XP level 6. HP: 15/56 MP: 7/9
  2308 | D:4      | XOM: 1-stop teleportation journey
  2320 | D:4      | HP: 12/56 [frozen (4)]
  2321 | D:4      | HP: 4/56 [frozen (4)]
  2321 | D:4      | Slain by a gnoll

Vanquished Creatures
  Duvessa (D:4)
  An iguana (D:3)
  An orc wizard (D:4)
  2 gnolls (D:4)
  An adder (D:2)
  8 orcs
  3 endoplasms
  4 giant cockroaches
  6 goblins
  7 hobgoblins
  2 quokkas
  5 ball pythons
  4 bats
  3 rats
48 creatures vanquished.

Vanquished Creatures (collateral kills)
  A dart slug (D:3)
1 creature vanquished.

Vanquished Creatures (others)
  An orc (D:3)
1 creature vanquished.

Grand Total: 50 creatures vanquished

Table legend:
 A = Non-vault XP
 B = Vault XP
 C = Vault XP percentage of total XP
 D = Non-vault monster count
 E = Vault monster count
 F = Vault count percentage of total count
                 A         B        C        D         E       F
            +---------+---------+-------+---------+---------+-------
      Total |     199 |     152 |  43.3 |      46 |       3 |   6.1
            +---------+---------+-------+---------+---------+-------
        D:1 |      19 |       0 |   0.0 |      11 |       0 |   0.0
        D:2 |      26 |       0 |   0.0 |       8 |       0 |   0.0
        D:3 |      80 |       5 |   5.9 |      19 |       2 |   9.5
        D:4 |      74 |     147 |  66.5 |       8 |       1 |  11.1
            +---------+---------+-------+---------+---------+-------

Illustrated notes

Table legend:
 A = Kills in this place as a percentage of kills in entire the game.
 B = Kills by you in this place as a percentage of kills by you in the entire game.
 C = Kills by friends in this place as a percentage of kills by friends in the entire game.
 D = Other kills in this place as a percentage of other kills in the entire game.
 E = Experience gained in this place as a percentage of experience gained in the entire game.
 F = Experience gained in this place divided by the number of levels of this place that you have seen.
                   A       B       C       D       E      F
               +-------+-------+-------+-------+-------+----------------------
         Total | 100.0 | 100.0 | 100.0 |   N/A | 100.0 |  87.8
       Dungeon | 100.0 | 100.0 | 100.0 |   N/A | 100.0 |  87.8
               +-------+-------+-------+-------+-------+----------------------

Table legend: (Time is in decaauts)
 A = Elapsed time spent in this place.
 B = Non-inter-level travel time spent in this place.
 C = Inter-level travel time spent in this place.
 D = Time resting spent in this place.
 E = Time spent auto-exploring this place.
 F = Levels seen in this place.
 G = Mean time per level.
                   A        B        C        D        E       F      G
               +--------+--------+--------+--------+--------+-----+--------+
         Total |   2941 |   2731 |    210 |      0 |   2264 |   4 |  735.2 |
       Dungeon |   2941 |   2731 |    210 |      0 |   2264 |   4 |  735.2 |
               +--------+--------+--------+--------+--------+-----+--------+

Top non-repeatable levels by time:
     D:3: 1508 daAuts
     D:2: 708 daAuts
     D:1: 618 daAuts
     D:4: 106 daAuts
